 Dungeon Crawl Stone Soup version 0.29.0-4-gdea44cf6ec (webtiles) character file.

Game seed: 1214910599171652561

19655 qw the Brawler (level 12, -1/119 HPs)
             Began as a Troll Cinder Acolyte on Aug 31, 2022.
             Was an Initiate of Okawaru.
             Slain by a death yak (2 damage)
             ... on level 3 of the Lair of Beasts.
             The game lasted 00:06:43 (11249 turns).

qw the Brawler (Troll Cinder Acolyte)              Turns: 11249, Time: 00:06:43

Health: -1/119     AC:  9    Str: 29    XL:     12   Next: 38%
Magic:  13/13      EV: 13    Int: 10    God:    Okawaru [......]
Gold:   921        SH:  0    Dex:  5    Spells: 13/13 levels left

rFire   . . .      SeeInvis .     - Unarmed
rCold   + . .      Faith    .   (no shield)
rNeg    . . .      Spirit   .   m - +2 steam dragon scales
rPois   .          Reflect  .   (helmet restricted)
rElec   .          Harm     .   (no cloak)
rCorr   .          Rampage  .   (gloves unavailable)
Will    .....                   (boots unavailable)
Stlth   +.........              (no amulet)
HPRegen 1.09/turn               h - +4 ring of evasion
MPRegen 0.13/turn               o - ring of protection from cold

@: about to teleport, fire susceptible
A: large, unfitting armour, claws 3, regeneration 1, shaggy fur 1, tough skin 1,
high MP 1, wild magic 1
a: Renounce Religion


You were on level 3 of the Lair of Beasts.
You worshipped Okawaru.
Okawaru was noncommittal.
You visited 3 branches of the dungeon, and saw 13 of its levels.
You also visited: Sewer.

You collected 921 gold pieces.


Innate Abilities, Weirdness & Mutations

You are too large for most types of armour.
You have claws for hands.
Your natural rate of healing is unusually fast.
You are covered in fur. (AC +1)
You have tough skin. (AC +1)
You have an increased reservoir of magic. (+10% MP)
Your spells are a little harder to cast, but a little more powerful.


   Skills:
 + Level 7.8 Fighting
 - Level 1.7 Throwing
 - Level 2.1 Armour
 - Level 2.0 Dodging
 - Level 18.0 Unarmed Combat
 - Level 1.0 Spellcasting
 - Level 2.1 Fire Magic


You had 13 spell levels left.
You didn't know any spells.
Your spell library contained the following spells:

 Spells                   Type           Power      Damage    Failure   Level
 Scorch                   Fire           12%        2d5       30%         2

Inventory:

Armour
 m - +2 steam dragon scales (worn)
Jewellery
 a - a ring of willpower
 h - a +4 ring of evasion (left claw)
 j - a ring of fire
 o - a ring of protection from cold (right claw)
Scrolls
 e - 5 scrolls of teleportation
 f - 2 scrolls of identify
Potions
 c - a potion of heal wounds
 d - a potion of cancellation
 g - a potion of mutation
 i - 7 potions of curing
 k - 3 potions of haste
 l - a potion of might

Dungeon Overview and Level Annotations

Branches:
Dungeon (9/15)             Temple (1/1) D:6            Lair (3/5) D:9
 Shoals (0/4) Lair:2        Sewer (visited)
  Snake: Lair:2-3    Spider: Lair:2-3       Orc: D:9-12

Altars:
Ashenzari
Cheibriados
Dithmenos
Elyvilon
Fedhas
Gozag
Hepliaklqana
Kikubaaqudgha
Makhleb
Nemelex Xobeh
Okawaru
Qazlal
Ru
Sif Muna
Trog
Uskayaw
Vehumet
Wu Jian
Xom
Yredelemnul
Zin
The Shining One

Shops:
D:2 :

Annotations:
D:2 1 runed translucent door, Crazy Yiuf
Lair:2 3 runed translucent doors, qw's ghost, journeyman TrCA


Message History

The komodo dragon bites you!
You climb upwards.
Level annotation: 3 runed translucent doors, qw's ghost, journeyman TrCA
There is a stone staircase leading down here.
You mangle the komodo dragon!!
The komodo dragon is severely wounded.
You scratch the komodo dragon.
The komodo dragon is severely wounded.
The komodo dragon barely misses you.
You mangle the komodo dragon!!
You kill the komodo dragon!
Okawaru accepts your kill.
You start resting.
HP restored.
Could not explore, unopened runed door.
(D) Dungeon (T) Temple (L) Lair (A) Shoals
Where to? (* - list waypoints, Enter - Lair:3, ? - help)
What level of the Lair of Beasts? (default 1, ? - help)
There is a stone staircase leading down here.
You climb downwards.
The death yak gores you!! The death yak closely misses you.
The death yak gores you!! The death yak closely misses you.
There is a stone staircase leading up, spattered with blood here.
11244 ||| Stepping ~*~*~tactically~*~*~ (outnumbered).
The death yak gores you!
11245 ||| Stepping ~*~*~tactically~*~*~ (outnumbered).
The death yak attacks as you move away! The death yak gores you.
The death yak attacks as you move away! The death yak gores you.
The death yak attacks as you move away! The death yak gores you!
11246 ||| Stepping ~*~*~tactically~*~*~ (outnumbered).
11247 ||| Stepping ~*~*~tactically~*~*~ (outnumbered).
The death yak attacks as you move away! The death yak gores you!
11248 ||| Stepping ~*~*~tactically~*~*~ (outnumbered).
The death yak attacks as you move away! The death yak gores you!!
11249 ||| READING 6 scrolls of teleportation.
As you read the scroll of teleportation, it crumbles to dust.
You feel strangely unstable. The death yak gores you!
The death yak gores you but does no damage.
The death yak gores you.
You die...

... ......
...... ####
.P.....
###Y.###.PPP...
#.@Y.##...P....
#.Y.Y.....P....
#........#.....
##.............
#...<.<..P....
##............
##..........P
.........#...
...........# ..


You could see 4 death yaks.

Vanquished Creatures
  3 hydras
  2 two-headed ogres
  Pikel (D:5)
  6 elephants (Lair:1)
  A black mamba (Lair:2)
  A torpor snail (Lair:1)
  Joseph (D:8)
  4 cane toads (Lair:2)
  Psyche (D:9)
  Maggie (D:8)
  2 unseen horror zombies (D:8)
  3 komodo dragons
  A hornet (D:9)
  5 blink frogs (Lair:2)
  31 yaks
  A wyvern (D:9)
  An acid dragon (D:9)
  3 water moccasins
  2 orc warriors
  2 ice beasts
  A hornet zombie (D:8)
  3 black bears
  5 wolves (Lair:1)
  2 centaurs (D:9)
  An ogre (D:6)
  2 phantoms
  A lemure (D:5)
  8 bullfrogs
  A scorpion (D:5)
  3 elf skeletons (D:8)
  4 killer bees (D:8)
  12 howler monkeys
  4 centaur zombies (D:8)
  5 orc priests
  A gnoll bouda (D:5)
  4 hounds
  2 jellies
  A human zombie (D:8)
  Ijyb (D:3)
  3 iguanas
  5 orc wizards
  5 hell rats (Lair:2)
  A howler monkey zombie (D:8)
  Robin (D:4)
  6 gnolls
  17 adders
  3 river rats (Sewer)
  3 white imps
  2 ufetubi
  4 worms
  10 dart slugs
  37 orcs
  8 endoplasms
  6 giant cockroaches
  12 goblins
  12 hobgoblins
  A quokka (D:2)
  10 ball pythons
  4 bats
  9 frilled lizards
  11 kobolds
  2 orc skeletons (D:8)
  17 rats
322 creatures vanquished.

Vanquished Creatures (others)
  5 fungi
  5 plants
10 creatures vanquished.

Grand Total: 332 creatures vanquished

Notes
Turn   | Place    | Note
-------+----------+-------------------------------------------
     0 | D:1      | qw the Troll Cinder Acolyte began the quest for the Orb.
     0 | D:1      | Reached XP level 1. HP: 22/22 MP: 1/1
     0 | D:1      | 0 ||| qw: Version: 0.1-a-97-g2dd2ca4
     0 | D:1      | 0 ||| qw: Game counter: 4648
     0 | D:1      | 0 ||| qw: Always use a shield: true
     0 | D:1      | 0 ||| qw: God list: Okawaru
     0 | D:1      | 0 ||| qw: Allow faded altars: false
     0 | D:1      | 0 ||| qw: Do Orc after D:15 true
     0 | D:1      | 0 ||| qw: Do second Lair branch before Depths: true
     0 | D:1      | 0 ||| qw: Lair rune preference: random
     0 | D:1      | 0 ||| qw: Plans: Normal
     0 | D:1      | 0 ||| PLANNING D:1-11
    51 | D:1      | 51 ||| Stepping ~*~*~tactically~*~*~ (stealth).
   206 | D:1      | Reached XP level 2. HP: 29/29 MP: 2/2
   723 | D:1      | 723 ||| UPGRADING to ring of protection from cold.
   724 | D:1      | 724 ||| READING scroll labelled XEUVA YLOUJO.
   725 | D:1      | 725 ||| READING scroll labelled GOUJEX QIUP.
   726 | D:1      | 726 ||| READING scroll labelled HECRIO POLICH.
   762 | D:2      | Reached skill level 4 in Unarmed Combat
   784 | D:2      | Reached XP level 3. HP: 36/36 MP: 3/3
   786 | D:2      | 786 ||| Stepping ~*~*~tactically~*~*~ (stealth).
   801 | D:2      | 801 ||| Stepping ~*~*~tactically~*~*~ (stealth).
   997 | D:2      | Found a white marble altar of Elyvilon.
  1014 | D:2      | Reached XP level 4. HP: 37/44 MP: 4/4
  1068 | D:2      | Reached skill level 5 in Unarmed Combat
  1323 | D:2      | Found Tashihap's Book Shoppe.
  1406 | D:2      | Found a runed translucent door.
  1407 | D:2      | Noticed Crazy Yiuf
  1507 | D:2      | 1507 ||| READING scroll labelled LYALA RYN UGGAE.
  1651 | D:3      | 1651 ||| INVOKING Fiery Armour.
  1660 | D:3      | Reached XP level 5. HP: 50/50 MP: 5/5
  1688 | D:3      | 1688 ||| Stepping ~*~*~tactically~*~*~ (stealth).
  1689 | D:3      | 1689 ||| Stepping ~*~*~tactically~*~*~ (stealth).
  1691 | D:3      | 1691 ||| Stepping ~*~*~tactically~*~*~ (stealth).
  1694 | D:3      | Reached skill level 6 in Unarmed Combat
  1730 | D:3      | Found a faded altar of an unknown god.
  2012 | D:3      | Noticed Ijyb
  2019 | D:3      | Killed Ijyb
  2059 | D:3      | 2059 ||| Stepping ~*~*~tactically~*~*~ (stealth).
  2063 | D:3      | 2063 ||| Stepping ~*~*~tactically~*~*~ (stealth).
  2069 | D:3      | 2069 ||| Stepping ~*~*~tactically~*~*~ (stealth).
  2075 | D:3      | 2075 ||| Stepping ~*~*~tactically~*~*~ (stealth).
  2175 | D:3      | 2175 ||| READING scroll labelled UTABUG OVAICIF.
  2176 | D:3      | 2176 ||| DRINKING 2 murky brown potions.
  2176 | D:3      | Gained mutation: Your spells are a little harder to cast,
                  | but a little more powerful. [potion of mutation]
  2176 | D:3      | Gained mutation: You have an increased reservoir of magic.
                  | (+10% MP) [potion of mutation]
  2186 | D:3      | 2186 ||| DRINKING 2 purple potions.
  2187 | D:3      | 2187 ||| DRINKING 2 cyan potions.
  2188 | D:3      | 2188 ||| READING 3 scrolls of identify.
  2188 | D:3      | 2188 ||| IDENTIFYING fizzy golden potion
  2189 | D:3      | 2189 ||| READING 2 scrolls of identify.
  2189 | D:3      | 2189 ||| IDENTIFYING bubbling golden potion
  2190 | D:3      | 2190 ||| DROPPING potion of ambrosia.
  2191 | D:3      | 2191 ||| DROPPING potion of degeneration.
  2211 | D:4      | 2211 ||| Stepping ~*~*~tactically~*~*~ (outnumbered).
  2216 | D:4      | 2216 ||| Stepping ~*~*~tactically~*~*~ (outnumbered).
  2218 | D:4      | 2218 ||| INVOKING Fiery Armour.
  2219 | D:4      | 2219 ||| Stepping ~*~*~tactically~*~*~ (outnumbered).
  2221 | D:4      | 2221 ||| Stepping ~*~*~tactically~*~*~ (outnumbered).
  2223 | D:4      | 2223 ||| Stepping ~*~*~tactically~*~*~ (outnumbered).
  2227 | D:4      | 2227 ||| Stepping ~*~*~tactically~*~*~ (outnumbered).
  2231 | D:4      | 2231 ||| Stepping ~*~*~tactically~*~*~ (outnumbered).
  2233 | D:4      | 2233 ||| Stepping ~*~*~tactically~*~*~ (outnumbered).
  2235 | D:4      | 2235 ||| Stepping ~*~*~tactically~*~*~ (outnumbered).
  2253 | D:4      | Reached XP level 6. HP: 56/59 MP: 7/7
  2283 | D:4      | 2283 ||| Stepping ~*~*~tactically~*~*~ (outnumbered).
  2451 | D:4      | 2451 ||| Stepping ~*~*~tactically~*~*~ (stealth).
  2459 | D:4      | Reached skill level 7 in Unarmed Combat
  2467 | D:4      | 2467 ||| FLEEEEING.
  2485 | D:4      | 2485 ||| Stepping ~*~*~tactically~*~*~ (stealth).
  2488 | D:4      | 2488 ||| Stepping ~*~*~tactically~*~*~ (stealth).
  2494 | D:4      | 2494 ||| Stepping ~*~*~tactically~*~*~ (stealth).
  2511 | D:4      | 2511 ||| Stepping ~*~*~tactically~*~*~ (hiding).
  2512 | D:4      | 2512 ||| Stepping ~*~*~tactically~*~*~ (hiding).
  2514 | D:4      | 2514 ||| INVOKING Fiery Armour.
  2515 | D:4      | 2515 ||| FLEEEEING.
  2516 | D:4      | 2516 ||| FLEEEEING.
  2517 | D:4      | 2517 ||| FLEEEEING.
  2518 | D:4      | 2518 ||| FLEEEEING.
  2519 | D:4      | 2519 ||| FLEEEEING.
  2520 | D:4      | 2520 ||| FLEEEEING.
  2521 | D:4      | 2521 ||| FLEEEEING.
  2522 | D:4      | 2522 ||| FLEEEEING.
  2523 | D:4      | 2523 ||| FLEEEEING.
  2524 | D:4      | 2524 ||| FLEEEEING.
  2526 | D:4      | 2526 ||| STAIRDANCE
  2531 | D:4      | 2531 ||| STAIRDANCE
  2533 | D:3      | 2533 ||| Stepping ~*~*~tactically~*~*~ (outnumbered).
  2534 | D:3      | 2534 ||| Stepping ~*~*~tactically~*~*~ (outnumbered).
  2558 | D:4      | Noticed Robin
  2563 | D:4      | Killed Robin
  2626 | D:4      | Reached skill level 8 in Unarmed Combat
  2711 | D:4      | 2711 ||| Stepping ~*~*~tactically~*~*~ (hiding).
  3015 | D:5      | Entered Level 5 of the Dungeon
  3016 | D:5      | 3016 ||| PLANNING SEWER
  3095 | D:5      | 3095 ||| Stepping ~*~*~tactically~*~*~ (stealth).
  3097 | D:5      | 3097 ||| Stepping ~*~*~tactically~*~*~ (hiding).
  3102 | D:5      | 3102 ||| INVOKING Fiery Armour.
  3106 | D:5      | Reached XP level 7. HP: 66/66 MP: 8/8
  3107 | D:5      | 3107 ||| Stepping ~*~*~tactically~*~*~ (outnumbered).
  3109 | D:5      | 3109 ||| Stepping ~*~*~tactically~*~*~ (outnumbered).
  3117 | D:5      | Reached skill level 3 in Fighting
  3188 | D:5      | Noticed Pikel
  3189 | D:5      | 3189 ||| Stepping ~*~*~tactically~*~*~ (stealth).
  3197 | D:5      | 3197 ||| Stepping ~*~*~tactically~*~*~ (outnumbered).
  3199 | D:5      | Killed Pikel
  3200 | D:5      | Reached skill level 9 in Unarmed Combat
  3200 | D:5      | Reached XP level 8. HP: 61/75 MP: 9/9
  3246 | D:5      | Found a glowing drain.
  3254 | D:5      | 3254 ||| UPGRADING to ring of willpower.
  3255 | D:5      | 3255 ||| READING scroll labelled WORAOT ZOGAL.
  3265 | Sewer    | Entered a sewer
  3349 | Sewer    | Reached skill level 1 in Dodging
  3390 | Sewer    | 3390 ||| Stepping ~*~*~tactically~*~*~ (outnumbered).
  3651 | Sewer    | 3651 ||| READING scroll labelled MUGI PYWUEST.
  3752 | Sewer    | 3752 ||| DRINKING 2 lumpy coppery potions.
  3753 | Sewer    | 3753 ||| READING 3 scrolls of identify.
  3753 | Sewer    | 3753 ||| IDENTIFYING coppery potion
  3754 | Sewer    | 3754 ||| READING 2 scrolls of identify.
  3754 | Sewer    | 3754 ||| IDENTIFYING yellow potion
  3755 | Sewer    | 3755 ||| DROPPING potion of brilliance.
  3756 | Sewer    | 3756 ||| DROPPING potion of invisibility.
  3793 | D:5      | 3793 ||| PLANNING D:1-11
  3898 | D:5      | Reached skill level 10 in Unarmed Combat
  3995 | D:5      | 3995 ||| Stepping ~*~*~tactically~*~*~ (outnumbered).
  4225 | D:5      | 4225 ||| Stepping ~*~*~tactically~*~*~ (hiding).
  4227 | D:5      | 4227 ||| Stepping ~*~*~tactically~*~*~ (hiding).
  4229 | D:5      | 4229 ||| Stepping ~*~*~tactically~*~*~ (hiding).
  4396 | D:5      | 4396 ||| Stepping ~*~*~tactically~*~*~ (stealth).
  4397 | D:5      | 4397 ||| Stepping ~*~*~tactically~*~*~ (stealth).
  4399 | D:5      | 4399 ||| Stepping ~*~*~tactically~*~*~ (outnumbered).
  4400 | D:5      | 4400 ||| Stepping ~*~*~tactically~*~*~ (outnumbered).
  4401 | D:5      | 4401 ||| Stepping ~*~*~tactically~*~*~ (outnumbered).
  4402 | D:5      | 4402 ||| Stepping ~*~*~tactically~*~*~ (outnumbered).
  4403 | D:5      | 4403 ||| Stepping ~*~*~tactically~*~*~ (outnumbered).
  4494 | D:5      | 4494 ||| Stepping ~*~*~tactically~*~*~ (hiding).
  4499 | D:5      | 4499 ||| INVOKING Fiery Armour.
  4732 | D:5      | 4732 ||| READING scroll labelled JOOVEP SETS.
  4748 | D:6      | Found a staircase to the Ecumenical Temple.
  4749 | D:6      | 4749 ||| Stepping ~*~*~tactically~*~*~ (hiding).
  4765 | D:6      | 4765 ||| INVOKING Fiery Armour.
  4767 | D:6      | HP: 16/78 [orc/+0 war axe (6)]
  4768 | D:6      | 4768 ||| READING 5 scrolls of teleportation.
  4769 | D:6      | 4769 ||| DRINKING 2 potions of heal wounds.
  4820 | D:6      | 4820 ||| Stepping ~*~*~tactically~*~*~ (hiding).
  4873 | D:6      | Reached skill level 11 in Unarmed Combat
  4922 | D:6      | 4922 ||| Stepping ~*~*~tactically~*~*~ (outnumbered).
  4939 | D:6      | Found a stormy altar of Qazlal.
  4951 | D:6      | 4951 ||| Stepping ~*~*~tactically~*~*~ (stealth).
  5194 | D:6      | 5194 ||| Stepping ~*~*~tactically~*~*~ (stealth).
  5260 | D:6      | Reached XP level 9. HP: 79/84 MP: 10/10
  5312 | D:6      | 5312 ||| Stepping ~*~*~tactically~*~*~ (stealth).
  5314 | D:6      | 5314 ||| Stepping ~*~*~tactically~*~*~ (stealth).
  5318 | D:6      | 5318 ||| Stepping ~*~*~tactically~*~*~ (outnumbered).
  5320 | D:6      | 5320 ||| Stepping ~*~*~tactically~*~*~ (outnumbered).
  5335 | D:6      | 5335 ||| Stepping ~*~*~tactically~*~*~ (hiding).
  5336 | D:6      | 5336 ||| Stepping ~*~*~tactically~*~*~ (hiding).
  5337 | D:6      | 5337 ||| FLEEEEING.
  5338 | D:6      | 5338 ||| FLEEEEING.
  5339 | D:6      | 5339 ||| FLEEEEING.
  5562 | D:6      | 5562 ||| READING 3 scrolls of identify.
  5562 | D:6      | 5562 ||| IDENTIFYING metallic coppery potion
  5563 | D:6      | 5563 ||| READING 2 scrolls of identify.
  5563 | D:6      | 5563 ||| IDENTIFYING grey potion
  5564 | D:6      | 5564 ||| DROPPING potion of magic.
  5609 | D:7      | 5609 ||| Stepping ~*~*~tactically~*~*~ (outnumbered).
  5629 | D:7      | 5629 ||| Stepping ~*~*~tactically~*~*~ (stealth).
  5631 | D:7      | 5631 ||| Stepping ~*~*~tactically~*~*~ (hiding).
  5633 | D:7      | 5633 ||| Stepping ~*~*~tactically~*~*~ (hiding).
  5639 | D:7      | Reached skill level 1 in Throwing
  5639 | D:7      | 5639 ||| FLEEEEING.
  5640 | D:7      | 5640 ||| FLEEEEING.
  5641 | D:7      | 5641 ||| FLEEEEING.
  5642 | D:7      | 5642 ||| FLEEEEING.
  5646 | D:7      | 5646 ||| FLEEEEING.
  5647 | D:7      | 5647 ||| FLEEEEING.
  5649 | D:7      | 5649 ||| FLEEEEING.
  5890 | D:7      | Noticed a two-headed ogre
  5898 | D:7      | Killed a two-headed ogre
  5899 | D:7      | Reached skill level 12 in Unarmed Combat
  6242 | D:7      | 6242 ||| DROPPING ring of magical power.
  6243 | D:7      | 6243 ||| READING 2 scrolls of identify.
  6243 | D:7      | 6243 ||| IDENTIFYING metallic white potion
  6244 | D:7      | 6244 ||| DROPPING potion of attraction.
  6255 | D:8      | Found a shimmering blue altar of Sif Muna.
  6256 | D:8      | 6256 ||| PLANNING OSSUARY
  6256 | D:8      | Found a hazy altar of Hepliaklqana.
  6287 | D:8      | Found a hide-covered altar of Uskayaw.
  6370 | D:8      | 6370 ||| FLEEEEING.
  6392 | D:8      | 6392 ||| Stepping ~*~*~tactically~*~*~ (stealth).
  6395 | D:8      | 6395 ||| Stepping ~*~*~tactically~*~*~ (stealth).
  6519 | D:8      | Noticed Joseph
  6525 | D:8      | 6525 ||| INVOKING Fiery Armour.
  6534 | D:8      | Killed Joseph
  6535 | D:8      | Reached skill level 13 in Unarmed Combat
  6535 | D:8      | 6535 ||| FLEEEEING.
  6536 | D:8      | 6536 ||| FLEEEEING.
  6537 | D:8      | 6537 ||| FLEEEEING.
  6538 | D:8      | 6538 ||| FLEEEEING.
  6539 | D:8      | 6539 ||| FLEEEEING.
  6540 | D:8      | 6540 ||| FLEEEEING.
  6541 | D:8      | 6541 ||| FLEEEEING.
  6542 | D:8      | 6542 ||| FLEEEEING.
  6543 | D:8      | 6543 ||| FLEEEEING.
  6544 | D:8      | 6544 ||| FLEEEEING.
  6545 | D:8      | 6545 ||| FLEEEEING.
  6546 | D:8      | 6546 ||| FLEEEEING.
  6547 | D:8      | 6547 ||| FLEEEEING.
  6548 | D:8      | 6548 ||| FLEEEEING.
  6549 | D:8      | 6549 ||| FLEEEEING.
  6551 | D:8      | 6551 ||| FLEEEEING.
  6552 | D:8      | 6552 ||| FLEEEEING.
  6553 | D:8      | 6553 ||| FLEEEEING.
  6554 | D:8      | 6554 ||| FLEEEEING.
  6555 | D:8      | 6555 ||| FLEEEEING.
  6556 | D:8      | 6556 ||| FLEEEEING.
  6557 | D:8      | 6557 ||| FLEEEEING.
  6558 | D:8      | 6558 ||| FLEEEEING.
  6560 | D:8      | 6560 ||| FLEEEEING.
  6562 | D:8      | 6562 ||| FLEEEEING.
  6563 | D:8      | 6563 ||| FLEEEEING.
  6565 | D:8      | 6565 ||| STAIRDANCE
  6596 | D:7      | 6596 ||| READING 2 scrolls of identify.
  6596 | D:7      | 6596 ||| IDENTIFYING lumpy golden potion
  6597 | D:7      | 6597 ||| DROPPING potion of flight.
  6600 | D:8      | 6600 ||| Stepping ~*~*~tactically~*~*~ (outnumbered).
  6603 | D:8      | Reached XP level 10. HP: 96/96 MP: 11/11
  6725 | D:8      | 6725 ||| Stepping ~*~*~tactically~*~*~ (stealth).
  6865 | D:8      | Reached skill level 14 in Unarmed Combat
  6934 | D:8      | Found a basalt altar of Yredelemnul.
  6991 | D:8      | 6991 ||| RIP OSSUARY
  6994 | D:8      | 6994 ||| PLANNING D:1-11
  7235 | D:8      | Reached skill level 6 in Fighting
  7263 | D:8      | 7263 ||| Stepping ~*~*~tactically~*~*~ (stealth).
  7326 | D:8      | Noticed a two-headed ogre
  7327 | D:8      | 7327 ||| Stepping ~*~*~tactically~*~*~ (stealth).
  7329 | D:8      | 7329 ||| Stepping ~*~*~tactically~*~*~ (stealth).
  7330 | D:8      | 7330 ||| Stepping ~*~*~tactically~*~*~ (stealth).
  7331 | D:8      | 7331 ||| Stepping ~*~*~tactically~*~*~ (stealth).
  7333 | D:8      | 7333 ||| Stepping ~*~*~tactically~*~*~ (stealth).
  7334 | D:8      | 7334 ||| Stepping ~*~*~tactically~*~*~ (stealth).
  7337 | D:8      | 7337 ||| Stepping ~*~*~tactically~*~*~ (stealth).
  7344 | D:8      | HP: 16/98 [two-headed ogre/+0 giant spiked club (21)]
  7345 | D:8      | 7345 ||| READING 8 scrolls of teleportation.
  7346 | D:8      | 7346 ||| DRINKING 2 potions of heal wounds.
  7347 | D:8      | 7347 ||| INVOKING Fiery Armour.
  7349 | D:8      | Killed a two-headed ogre
  7446 | D:8      | 7446 ||| Stepping ~*~*~tactically~*~*~ (stealth).
  7448 | D:8      | 7448 ||| Stepping ~*~*~tactically~*~*~ (stealth).
  7543 | D:8      | Noticed Maggie
  7544 | D:8      | 7544 ||| Stepping ~*~*~tactically~*~*~ (stealth).
  7554 | D:8      | 7554 ||| Stepping ~*~*~tactically~*~*~ (stealth).
  7555 | D:8      | 7555 ||| Stepping ~*~*~tactically~*~*~ (stealth).
  7563 | D:8      | Killed Maggie
  7582 | D:8      | 7582 ||| UPGRADING to +0 steam dragon scales.
  7592 | D:8      | 7592 ||| DROPPING +0 robe.
  7593 | D:8      | 7593 ||| READING scroll of enchant armour.
  7593 | D:8      | 7593 ||| ENCHANTING +0 steam dragon scales.
  7594 | D:8      | 7594 ||| DRINKING 2 metallic dark potions.
  7699 | D:8      | 7699 ||| READING 2 scrolls of identify.
  7699 | D:8      | 7699 ||| IDENTIFYING orange potion
  7700 | D:8      | 7700 ||| DROPPING potion of berserk rage.
  7789 | D:9      | 7789 ||| Stepping ~*~*~tactically~*~*~ (hiding).
  7907 | D:9      | Noticed a five-headed hydra
  7908 | D:9      | 7908 ||| INVOKING Fiery Armour.
  7909 | D:9      | Reached skill level 1 in Armour
  7911 | D:9      | Killed a seven-headed hydra
  7912 | D:9      | Reached skill level 15 in Unarmed Combat
  8038 | D:9      | Found a staircase to the Lair.
  8056 | D:9      | 8056 ||| Stepping ~*~*~tactically~*~*~ (hiding).
  8193 | D:9      | Noticed Psyche
  8200 | D:9      | Killed Psyche
  8201 | D:9      | Reached XP level 11. HP: 103/105 MP: 12/12
  8221 | D:9      | 8221 ||| READING scroll of enchant armour.
  8221 | D:9      | 8221 ||| ENCHANTING +1 steam dragon scales.
  8224 | D:9      | 8224 ||| Stepping ~*~*~tactically~*~*~ (stealth).
  8232 | D:9      | 8232 ||| Stepping ~*~*~tactically~*~*~ (stealth).
  8656 | D:9      | 8656 ||| PLANNING LAIR
  8656 | D:9      | 8656 ||| UPGRADING to +4 ring of evasion.
  8658 | D:9      | 8658 ||| UPGRADING to ring of protection from cold.
  8660 | D:9      | 8660 ||| READING scroll labelled SOALIA XIAXKUU.
  8708 | Lair:1   | Entered Level 1 of the Lair of Beasts
  8713 | Lair:1   | 8713 ||| Stepping ~*~*~tactically~*~*~ (outnumbered).
  8714 | Lair:1   | 8714 ||| Stepping ~*~*~tactically~*~*~ (outnumbered).
  8715 | Lair:1   | 8715 ||| Stepping ~*~*~tactically~*~*~ (outnumbered).
  8716 | Lair:1   | 8716 ||| Stepping ~*~*~tactically~*~*~ (outnumbered).
  8719 | Lair:1   | 8719 ||| Stepping ~*~*~tactically~*~*~ (outnumbered).
  8819 | Lair:1   | 8819 ||| Stepping ~*~*~tactically~*~*~ (outnumbered).
  8820 | Lair:1   | 8820 ||| Stepping ~*~*~tactically~*~*~ (outnumbered).
  8907 | Lair:1   | Noticed an eight-headed hydra
  8908 | Lair:1   | 8908 ||| INVOKING Fiery Armour.
  8914 | Lair:1   | Killed a ten-headed hydra
  8915 | Lair:1   | Reached skill level 16 in Unarmed Combat
  8993 | Lair:1   | 8993 ||| Stepping ~*~*~tactically~*~*~ (stealth).
  8994 | Lair:1   | 8994 ||| Stepping ~*~*~tactically~*~*~ (stealth).
  9003 | Lair:1   | 9003 ||| Stepping ~*~*~tactically~*~*~ (stealth).
  9007 | Lair:1   | 9007 ||| Stepping ~*~*~tactically~*~*~ (outnumbered).
  9068 | Lair:1   | 9068 ||| Stepping ~*~*~tactically~*~*~ (outnumbered).
  9069 | Lair:1   | 9069 ||| Stepping ~*~*~tactically~*~*~ (outnumbered).
  9070 | Lair:1   | 9070 ||| Stepping ~*~*~tactically~*~*~ (outnumbered).
  9071 | Lair:1   | 9071 ||| Stepping ~*~*~tactically~*~*~ (outnumbered).
  9073 | Lair:1   | 9073 ||| Stepping ~*~*~tactically~*~*~ (outnumbered).
  9079 | Lair:1   | 9079 ||| Stepping ~*~*~tactically~*~*~ (outnumbered).
  9080 | Lair:1   | 9080 ||| Stepping ~*~*~tactically~*~*~ (outnumbered).
  9081 | Lair:1   | 9081 ||| Stepping ~*~*~tactically~*~*~ (outnumbered).
  9082 | Lair:1   | 9082 ||| Stepping ~*~*~tactically~*~*~ (outnumbered).
  9083 | Lair:1   | 9083 ||| Stepping ~*~*~tactically~*~*~ (outnumbered).
  9088 | Lair:1   | 9088 ||| Stepping ~*~*~tactically~*~*~ (outnumbered).
  9089 | Lair:1   | 9089 ||| Stepping ~*~*~tactically~*~*~ (outnumbered).
  9090 | Lair:1   | 9090 ||| Stepping ~*~*~tactically~*~*~ (outnumbered).
  9091 | Lair:1   | 9091 ||| Stepping ~*~*~tactically~*~*~ (outnumbered).
  9092 | Lair:1   | 9092 ||| Stepping ~*~*~tactically~*~*~ (outnumbered).
  9093 | Lair:1   | 9093 ||| Stepping ~*~*~tactically~*~*~ (outnumbered).
  9094 | Lair:1   | 9094 ||| Stepping ~*~*~tactically~*~*~ (outnumbered).
  9097 | Lair:1   | 9097 ||| Stepping ~*~*~tactically~*~*~ (outnumbered).
  9099 | Lair:1   | 9099 ||| Stepping ~*~*~tactically~*~*~ (outnumbered).
  9127 | Lair:1   | 9127 ||| Stepping ~*~*~tactically~*~*~ (stealth).
  9128 | Lair:1   | 9128 ||| Stepping ~*~*~tactically~*~*~ (stealth).
  9141 | Lair:1   | 9141 ||| Stepping ~*~*~tactically~*~*~ (outnumbered).
  9142 | Lair:1   | 9142 ||| Stepping ~*~*~tactically~*~*~ (outnumbered).
  9143 | Lair:1   | 9143 ||| Stepping ~*~*~tactically~*~*~ (outnumbered).
  9144 | Lair:1   | 9144 ||| Stepping ~*~*~tactically~*~*~ (outnumbered).
  9266 | Lair:1   | Noticed an eight-headed hydra
  9267 | Lair:1   | 9267 ||| Stepping ~*~*~tactically~*~*~ (stealth).
  9269 | Lair:1   | 9269 ||| Stepping ~*~*~tactically~*~*~ (stealth).
  9273 | Lair:1   | 9273 ||| INVOKING Fiery Armour.
  9279 | Lair:1   | Killed a ten-headed hydra
  9280 | Lair:1   | Reached skill level 17 in Unarmed Combat
  9291 | Lair:1   | Identified the +1 chain mail "Coclag" {rF+ rC++ Regen+}
  9634 | Lair:1   | 9634 ||| READING 2 scrolls of identify.
  9634 | Lair:1   | 9634 ||| IDENTIFYING emerald potion
  9635 | Lair:1   | 9635 ||| DROPPING potion of lignification.
  9664 | Lair:2   | 9664 ||| Stepping ~*~*~tactically~*~*~ (stealth).
  9685 | Lair:2   | Reached XP level 12. HP: 118/118 MP: 13/13
  9816 | Lair:2   | 9816 ||| FLEEEEING.
  9817 | Lair:2   | 9817 ||| FLEEEEING.
  9818 | Lair:2   | 9818 ||| FLEEEEING.
  9819 | Lair:2   | 9819 ||| FLEEEEING.
  9820 | Lair:2   | 9820 ||| FLEEEEING.
  9821 | Lair:2   | 9821 ||| FLEEEEING.
  9822 | Lair:2   | 9822 ||| FLEEEEING.
  9823 | Lair:2   | 9823 ||| FLEEEEING.
  9827 | Lair:2   | 9827 ||| FLEEEEING.
  9828 | Lair:2   | 9828 ||| FLEEEEING.
  9829 | Lair:2   | 9829 ||| FLEEEEING.
  9832 | Lair:2   | 9832 ||| FLEEEEING.
  9833 | Lair:2   | 9833 ||| FLEEEEING.
  9834 | Lair:2   | 9834 ||| FLEEEEING.
  9835 | Lair:2   | 9835 ||| FLEEEEING.
  9836 | Lair:2   | 9836 ||| FLEEEEING.
  9899 | Lair:2   | 9899 ||| INVOKING Fiery Armour.
  9952 | Lair:2   | 9952 ||| FLEEEEING.
  9954 | Lair:2   | 9954 ||| FLEEEEING.
  9955 | Lair:2   | 9955 ||| FLEEEEING.
  9959 | Lair:2   | 9959 ||| Stepping ~*~*~tactically~*~*~ (stealth).
  9967 | Lair:2   | 9967 ||| Stepping ~*~*~tactically~*~*~ (outnumbered).
  9968 | Lair:2   | 9968 ||| Stepping ~*~*~tactically~*~*~ (outnumbered).
  9972 | Lair:2   | 9972 ||| Stepping ~*~*~tactically~*~*~ (outnumbered).
 10055 | Lair:2   | Found a staircase to the Shoals.
 10087 | Lair:2   | Found a runed translucent gate.
 10087 | Lair:2   | Found a runed translucent gate.
 10087 | Lair:2   | Found a runed translucent gate.
 10112 | Lair:2   | 10112 ||| INVOKING Fiery Armour.
 10117 | Lair:2   | 10117 ||| Stepping ~*~*~tactically~*~*~ (outnumbered).
 10120 | Lair:2   | Reached skill level 18 in Unarmed Combat
 10250 | Lair:2   | Noticed qw's ghost (journeyman TrCA)
 10454 | Lair:2   | 10454 ||| PLANNING TEMPLE
 10454 | Lair:2   | 10454 ||| DROPPING +1 robe of willpower.
 10455 | Lair:2   | 10455 ||| READING 2 scrolls labelled LIM DIYHAEQAIG.
 10456 | Lair:2   | 10456 ||| DROPPING scroll of magic mapping.
 10639 | Temple   | Entered the Ecumenical Temple
 10702 | Temple   | 10702 ||| PLANNING CONVERSION TO OKAWARU
 10732 | Temple   | Fell from the grace of Ignis
 10732 | Temple   | Became a worshipper of Warmaster Okawaru
 10733 | Temple   | 10733 ||| PLANNING LAIR
 11152 | Lair:2   | 11152 ||| READING 7 scrolls of teleportation.
 11204 | Lair:3   | Noticed a death yak
 11204 | Lair:3   | Noticed a death yak
 11204 | Lair:3   | Noticed a death yak
 11204 | Lair:3   | Noticed a death yak
 11208 | Lair:3   | 11208 ||| STAIRDANCE
 11244 | Lair:3   | 11244 ||| Stepping ~*~*~tactically~*~*~ (outnumbered).
 11245 | Lair:3   | 11245 ||| Stepping ~*~*~tactically~*~*~ (outnumbered).
 11246 | Lair:3   | 11246 ||| Stepping ~*~*~tactically~*~*~ (outnumbered).
 11247 | Lair:3   | 11247 ||| Stepping ~*~*~tactically~*~*~ (outnumbered).
 11248 | Lair:3   | 11248 ||| Stepping ~*~*~tactically~*~*~ (outnumbered).
 11248 | Lair:3   | HP: 16/119 [death yak (25)]
 11249 | Lair:3   | 11249 ||| READING 6 scrolls of teleportation.
 11249 | Lair:3   | HP: 1/119 [death yak (17)]
 11249 | Lair:3   | Slain by a death yak

Levels and vault maps discovered:
D:1:      sevenhm_arrival_forest_fort_large_2, layout_basic,
          hangedman_abyss_or_decor_stabs
D:2:      layout_loops_ring, basic_altar, serial_shops,
          nicolae_shop_statue_plus, uniq_crazy_yiuf_cottage
D:3:      layout_basic, basic_ecumenical_altar, uniq_ijyb
D:4:      kennysheep_slugbush, layout_basic, uniq_robin
D:5:      layout_gridville, portal_sewer_entry_b, uniq_pikel
D:6:      minmay_evil_eye, layout_basic, mainiacjoe_overflow_surrounded_room,
          minmay_temple_entry_grid, minmay_misc_feat_x, fountainhead
D:7:      layout_basic
D:8:      layout_loops_corners, general_overflow_altar,
          nicolae_yredelemnul_corpse_copse, grunt_temple_overflow_open,
          nicolae_ossuary_entry_catacombs, uniq_joseph, uniq_maggie
D:9:      layout_stronghold, lair_entry_dummy, serial_bayou_pond_c, uniq_psyche
Temple:   minmay_temple_bridge_d
Lair:1:   layout_chaotic_city, minivault_11, chequers_serial_rivers_micro_c,
          grunt_megastairs_1, serial_bayou_shore_a, infiniplex_staircase_pool_2
Lair:2:   layout_gridlike, shoals_dummy_entry, gammafunk_ghost_icy
Lair:3:   layout_cave_pods, spider_nest_entry_funnel_web, disabler_island,
          uniq_kirke

Skill      XL: |  1  2  3  4  5  6  7  8  9 10 11 12 |
---------------+-------------------------------------+-----
Unarmed Combat | 4 5 6 8 9 11 13 15 17 18 | 18.0
Fighting       | 3 4 5 6 7 |  7.8
Dodging        | 1 2 |  2.0
Throwing       | 1 |  1.7
Armour         | 2 |  2.1
Spellcasting   | |  1.0
Fire Magic     | |  2.1

Action                   |  1- 3 |  4- 6 |  7- 9 | 10-12 || total
-------------------------+-------+-------+-------+-------++-------
Melee: Unarmed           |    76 |   139 |   277 |   356 ||   848
       Punch             |     2 |     5 |     4 |    27 ||    38
Throw: Boomerang         |       |       |    18 |       ||    18
Invok: Fiery Armour      |       |     4 |     3 |     6 ||    13
  Use: Scroll            |     3 |     4 |    10 |     9 ||    26
       Potion            |       |     3 |     2 |     2 ||     7
Armor: Robe              |    10 |    63 |    66 |    17 ||   156
       Steam dragon scal |       |       |       |    75 ||    75
Dodge: Dodged            |    21 |    61 |    77 |   146 ||   305

Table legend:
 A = Non-vault XP
 B = Vault XP
 C = Vault XP percentage of total XP
 D = Non-vault monster count
 E = Vault monster count
 F = Vault count percentage of total count
                 A         B        C        D         E       F
            +---------+---------+-------+---------+---------+-------
      Total |   23590 |    4489 |  16.0 |     240 |      81 |  25.2
            +---------+---------+-------+---------+---------+-------
        D:1 |      25 |       0 |   0.0 |      16 |       0 |   0.0
        D:2 |      92 |       0 |   0.0 |      25 |       0 |   0.0
        D:3 |     201 |      40 |  16.6 |      21 |       3 |  12.5
        D:4 |     304 |      65 |  17.6 |      18 |      18 |  50.0
        D:5 |     749 |     649 |  46.4 |      25 |       6 |  19.4
        D:6 |     630 |     302 |  32.4 |      27 |       4 |  12.9
        D:7 |    1173 |       0 |   0.0 |      12 |       0 |   0.0
        D:8 |    2443 |    2182 |  47.2 |      25 |      16 |  39.0
        D:9 |    1872 |     404 |  17.8 |       9 |       1 |  10.0
     Lair:1 |    9447 |     721 |   7.1 |      31 |       6 |  16.2
     Lair:2 |    6654 |       0 |   0.0 |      31 |       0 |   0.0
      Sewer |       0 |     126 | 100.0 |       0 |      27 | 100.0
            +---------+---------+-------+---------+---------+-------
